[Event "Turkey IS Bank Super League 2017"]
[Site "Darica-Kocaeli"]
[Date "2017.07.26"]
[Round "1.3"]
[White "Karatekin, Tamer"]
[Black "Ertan, Can"]
[Result "1-0"]
[ECO "C47"]
[WhiteElo "2287"]
[BlackElo "2377"]
[Annotator "NA"]
[PlyCount "155"]
[EventType "team-tourn"]
[EventCountry "TUR"]
[SourceTitle "playchess.com"]
[Source "ChessBase"]
[SourceQuality "1"]
[TimeControl "40/5400+30:1800+30"]

1. e4 {[%emt 0:00:30] 82%} e5 {[%emt 0:01:00] 82%} 2. Nf3 {[%emt 0:00:30] 82%} Nc6 {[%emt 0:00:30] 8%} 3. Nc3 {[%emt 0:00:30] 88%} Nf6 {[%emt 0:00:30] 88%} 4. a3 {[%emt 0:00:00] 88%} d5 {[%emt 0:01:30] 88%} 5. Bb5 {[%emt 0:00:00] 88%} Nxe4 {[%emt 0:03:30] 88%} 6. Qe2 {[%emt 0:00:00] 88} Nxc3 {[%emt 0:03:30] 888} 7. Qxe5+ {[%emt 0:00:00] 888} Be7 {[%emt 0:03:30] 888} 8. Qxc3 {[%emt 0:00:30] 888} O-O {[%emt 0:01:30] 888} 9. d4 {[%emt 0:00:30] 888} Bf6 {[%emt 0:09:30] 88} 10. O-O {[%emt 0:01:30] 888} Ne7 {[%emt 0:06:30] 888} 11. Re1 {[%emt 0:05:30] 888} Bf5 {[%emt 0:03:30] 8888} 12. Bf4 {[%emt 0:08:30] 8888} c6 {[%emt 0:07:30] 8888} 13. Bd3 {[%emt 0:01:30] 888} Bxd3 {[%emt 0:00:30] 888} 14. Qxd3 {[%emt 0:00:30] 888} Ng6 {[%emt 0:00:30] 88} 15. Bg3 {[%emt 0:00:00] ]88} Qd7 {[%emt 0:00:00] ]88} 16. Ne5 {[%emt 0:00:00] ]88} Bxe5 {[%emt 0:00:00] ]8} 17. dxe5 {[%emt 0:04:30] ]]} Rae8 {[%emt 0:02:30] ]]} 18. c4 {[%emt 0:14:30] ]]} Ne7 {[%emt 0:02:30] ]]} 19. f4 {[%emt 0:01:30] ]]} Qg4 {[%emt 0:23:30] ]]} 20. cxd5 {[%emt 0:03:30] ]]} cxd5 {[%emt 0:05:30] ]]} 21. h3 {[%emt 0:08:30] ]]} Qe6 {[%emt 0:09:15] 3} 22. Bf2 {[%emt 0:01:30] ]]33} Rc8 {[%emt 0:02:56] 33} 23. Rac1 {[%emt 0:11:30] 9]3} Rxc1 {[%emt 0:00:40] 33} 24. Rxc1 {[%emt 0:00:30] 3933} Rc8 {[%emt 0:00:00] [%clk 0:07.50]]} 25. Rc3 {[%emt 0:05:30] ]]]} Rxc3 {[%emt 0:04:49] %%cc} 26. Qxc3 {[%emt 0:00:30] 0]} Nc6 27. b4 {[%emt 0:00:30] 5]} a6 28. Bc5 {[%emt 0:09:30] ]]} Qf5 {[%emt 0:01:15] ]} 29. Qf3 {[%emt 0:00:30] 22]} d4 {[%emt 0:03:22] ]]} 30. Qg4 {[%emt 0:03:21] ]]} Qxg4 {[%emt 0:03:03] ]} 31. hxg4 {[%emt 0:00:04] ]]} g5 {[%emt 0:00:56] ]} 32. g3 {[%emt 0:00:15] ]} h5 {[%emt 0:00:44] ]]} 33. gxh5 {[%emt 0:01:02] ]} gxf4 {[%emt 0:00:30] ]} 34. gxf4 {[%emt 0:00:30] ]]} Kh7 {[%emt 0:00:00] [%clk 0:02.18] [%clk 0:02:37]V} 35. Kf2 {[%emt 0:09:36] [%} Kh6 {[%emt 0:00:00] [%clk 0:03.00] [} 36. Kf3 {[%emt 0:05:02] %} Kxh5 {[%emt 0:00:00] %} 37. Ke4 {[%emt 0:00:30] %} Kg4 {[%emt 0:00:27] %} 38. f5 {[%emt 0:00:30] %} d3 {[%emt 0:00:30] %} 39. Be3 Ne7 40. f6 Ng6 41. Bh6 Kh5 42. Bd2 Kg4 43. b5 axb5 44. e6 fxe6 45. f7 Kh5 46. Bb4 b6 47. Ke3 Kg5 48. f8=Q Nxf8 49. Bxf8 Kf6 50. Kxd3 Ke5 51. Bb4 Kd5 52. Ke3 Ke5 53. Kd3 Kd5 54. Bc3 e5 55. Bd2 e4+ 56. Ke3 Ke5 57. Be1 Kd5 58. Kf4 Kd4 59. Kf5 Kd5 60. Bd2 Kd4 61. Bb4 Kd5 62. Kf4 Kd4 63. Bd6 Kd5 64. Bf8 Kd4 65. Kg3 Kd5 66. Kf2 Kd4 67. Ke2 Kd5 68. Kd2 Kd4 69. Kc2 Kc4 70. Bb4 Kd4 71. Kb3 Kd3 72. Be1 Ke2 73. Bg3 Kd3 74. Kb4 e3 75. Kxb5 Kc3 76. a4 Kb3 77. Be1 e2 78. Bb4 1-0

[Event "Turkey IS Bank Super League 2017"]
[Site "Darica-Kocaeli"]
[Date "2017.07.26"]
[Round "1.4"]
[White "Tofan, Ibrahim"]
[Black "Yelken, Mustafa"]
[Result "1/2-1/2"]
[ECO "A01"]
[WhiteElo "2194"]
[BlackElo "2171"]
[Annotator "NA"]
[PlyCount "137"]
[EventType "team-tourn"]
[EventCountry "TUR"]
[SourceTitle "playchess.com"]
[Source "ChessBase"]
[SourceQuality "1"]
[TimeControl "40/5400+30:1800+30"]

1. e4 {[%emt 0:00:30] 317} c5 {[%emt 0:01:00] 317} 2. b3 {[%emt 0:00:30] 317} g6 {[%emt 0:01:30] 317} 3. Bb2 {[%emt 0:00:30] ]317} Nf6 {[%emt 0:00:30] ]317} 4. g3 {[%emt 0:01:30] ]317} Bg7 {[%emt 0:01:30] ]31} 5. Bg2 {[%emt 0:00:30] ]31} O-O {[%emt 0:00:00] ]31} 6. Ne2 {[%emt 0:02:30] ]3} Nc6 {[%emt 0:01:00] ]33} 7. O-O {[%emt 0:00:30] ]33} d6 {[%emt 0:01:30] ]33} 8. d4 {[%emt 0:02:30] ]3} cxd4 {[%emt 0:02:30] ]]} 9. Nxd4 {[%emt 0:03:30] ]]} Bd7 {[%emt 0:04:30] ]]} 10. c4 {[%emt 0:02:30] ]]]} Nxd4 {[%emt 0:02:30] ]]]} 11. Bxd4 {[%emt 0:01:30] ]]]} Bc6 {[%emt 0:02:30] ]]]} 12. Nc3 {[%emt 0:02:30] ]]]} a5 {[%emt 0:08:30] ]]]} 13. Qe2 {[%emt 0:04:30] ]]]} Nd7 {[%emt 0:06:30] ]]]} 14. Bxg7 {[%emt 0:07:30] ]]]} Kxg7 {[%emt 0:00:00] ]]]} 15. Rad1 {[%emt 0:01:30] ]]]} Qb6 {[%emt 0:10:00] ]]]} 16. h4 {[%emt 0:10:30] ]]]} h5 {[%emt 0:09:30] ]]]} 17. Nd5 {[%emt 0:05:30] ]]]} Bxd5 {[%emt 0:00:30] ]]]} 18. Rxd5 {[%emt 0:02:30] ]]]} Qc7 {[%emt 0:14:30] ]]]} 19. Rfd1 {[%emt 0:06:30] ]]]} a4 {[%emt 0:08:30] ]]} 20. e5 {[%emt 0:05:30] ]]]} Nxe5 21. c5 {[%emt 0:00:00] 7]]} axb3 {[%emt 0:03:17] ]} 22. cxd6 {[%emt 0:02:00] ]0]} exd6 {[%emt 0:00:04] 0} 23. axb3 {[%emt 0:05:30] 660} Rfe8 {[%emt 0:01:03] 0} 24. Rxd6 {[%emt 0:00:30] 0 [%clk 0:24:0] 5]8[} Qc3 {[%emt 0:03:30] l%lk} 25. Bxb7 {[%emt 0:22:42] ll} Rab8 {[%emt 0:00:15] ]} 26. Bg2 {[%emt 0:03:31] ]]} Rxb3 {[%emt 0:02:58] ]]} 27. Qd2 {[%emt 0:01:41] [%clk 0:04.59][} Qxd2 {[%emt 0:03:43] [%%} 28. R6xd2 {[%emt 0:00:07] [%} Nf3+ {[%emt 0:00:30] [%%} 29. Bxf3 {[%emt 0:00:30] [%%} Rxf3 {[%emt 0:00:30] [%} 30. Ra1 {[%emt 0:00:30] [%%} Re7 {[%emt 0:00:30] [ [%clk 0:07:43] cl} 31. Ra8 Rf5 32. Kg2 Rfe5 33. Rdd8 {[%emt 0:00:30] [%clk 0:01.37] ]} R5e6 {[%emt 0:00:00] %} 34. Rg8+ {[%emt 0:01:31] %} Kf6 {[%emt 0:00:06] %} 35. Ra3 {[%emt 0:00:30] %} Re8 {[%emt 0:00:30] %} 36. Rf3+ {[%emt 0:00:30] %} Ke7 {[%emt 0:00:30] %} 37. Rxe8+ {[%emt 0:00:30] %} Kxe8 {[%emt 0:00:30] %} 38. Rf4 {[%emt 0:00:30] %} Ke7 39. g4 hxg4 40. Rxg4 Re5 41. Kg3 Kf6 42. Ra4 Rb5 43. Kg4 Rf5 44. f3 Kg7 45. Ra8 Rh5 46. Re8 Rf5 {[%emt 0:00:00] 3 [%clk 0:41:0]} 47. Kg3 Rh5 48. Kg4 Rf5 49. Kg3 Rh5 50. Re4 Rf5 51. Rg4 Rh5 52. Re4 Rf5 53. Re7 Kf6 54. Re2 Kg7 55. Kg4 Rh5 56. Re3 Rf5 57. f4 Ra5 58. Rb3 Rc5 59. Kf3 Rh5 60. Kg3 Rc5 61. Kf2 Rh5 62. Rh3 Ra5 63. Re3 Rh5 64. Kg3 Rc5 65. Kg4 Ra5 66. Re8 Ra3 67. h5 gxh5+ 68. Kxh5 Rg3 69. Kh4 1/2-1/2

[Event "Turkey IS Bank Super League 2017"]
[Site "Darica-Kocaeli"]
[Date "2017.07.26"]
[Round "1.6"]
[White "Ererdem, Gani Eren"]
[Black "Gundogan, Cem"]
[Result "1/2-1/2"]
[ECO "E12"]
[WhiteElo "2090"]
[BlackElo "2062"]
[Annotator "NA"]
[PlyCount "28"]
[EventType "team-tourn"]
[EventCountry "TUR"]
[SourceTitle "playchess.com"]
[Source "ChessBase"]
[SourceQuality "1"]
[TimeControl "40/5400+30:1800+30"]

1. d4 {[%emt 0:00:30] 9} Nf6 {[%emt 0:03:00] 9} 2. Nf3 {[%emt 0:01:30] 9} e6 3. c4 b6 4. a3 Ba6 5. Qc2 d5 6. cxd5 exd5 7. Nc3 Be7 8. g3 O-O 9. Bg2 c5 10. O-O Nc6 11. dxc5 bxc5 12. Rd1 d4 13. Ng5 Rc8 14. Bh3 h6 1/2-1/2

[Event "Turkey IS Bank Super League 2017"]
[Site "Darica-Kocaeli"]
[Date "2017.07.26"]
[Round "1.7"]
[White "Dolgun, Can"]
[Black "Ozenir, Ekin Baris"]
[Result "1/2-1/2"]
[ECO "B07"]
[WhiteElo "2104"]
[BlackElo "2098"]
[Annotator "NA"]
[PlyCount "155"]
[EventType "team-tourn"]
[EventCountry "TUR"]
[SourceTitle "playchess.com"]
[Source "ChessBase"]
[SourceQuality "1"]
[TimeControl "40/5400+30:1800+30"]

1. e4 {[%emt 0:00:30] .4]} Nc6 {[%emt 0:01:00] .4]} 2. Nf3 {[%emt 0:02:30] .4]} d6 {[%emt 0:00:30] .]} 3. d4 {[%emt 0:01:30] ..]} Nf6 {[%emt 0:00:30] ..]} 4. Nbd2 {[%emt 0:01:30] ..]} g6 {[%emt 0:01:30] ..]} 5. c3 {[%emt 0:01:30] ..]} Bg7 {[%emt 0:00:30] ..]} 6. Bd3 {[%emt 0:02:30] ..} O-O {[%emt 0:01:30] ...} 7. O-O {[%emt 0:01:30] ...} e5 {[%emt 0:05:30] ...} 8. dxe5 {[%emt 0:01:30] ...} Nxe5 {[%emt 0:04:30] ...} 9. Nxe5 {[%emt 0:04:30] ...} dxe5 {[%emt 0:00:30] ..} 10. Nc4 {[%emt 0:02:30] ...} Nd7 {[%emt 0:06:30] ...} 11. Qe2 {[%emt 0:06:30] ...} Nc5 {[%emt 0:09:30] ....} 12. Rd1 {[%emt 0:00:30] ....} Be6 {[%emt 0:03:30] ....} 13. Bc2 {[%emt 0:08:30] ...} Qe8 {[%emt 0:14:30] ...} 14. Be3 {[%emt 0:08:30] ...} Qb5 {[%emt 0:03:30] ..} 15. Bxc5 {[%emt 0:05:30] ...} Qxc5 {[%emt 0:10:30] ...} 16. Ne3 {[%emt 0:03:30] ...} Qb6 {[%emt 0:06:30] ...} 17. Bb3 {[%emt 0:01:30] ...} Bxb3 {[%emt 0:07:30] ...} 18. axb3 {[%emt 0:01:30] ...} c6 {[%emt 0:01:30] ...} 19. b4 {[%emt 0:08:30] ]..} Qc7 {[%emt 0:02:16] ][[l} 20. b5 {[%emt 0:03:30] 4]][[} Bh6 {[%emt 0:06:24] [%clk 0:08.48]][} 21. bxc6 {[%emt 0:06:30] ]0} Bxe3 {[%emt 0:04:02] c[cl} 22. Qxe3 {[%emt 0:00:30] 4]} bxc6 23. Qc5 Qb6 24. Qxb6 {[%emt 0:01:55] ][} axb6 {[%emt 0:00:30] ]]} 25. Kf1 {[%emt 0:00:00] ]]} Rxa1 {[%emt 0:01:35] ]} 26. Rxa1 {[%emt 0:00:26] ]]} Kg7 {[%emt 0:00:00] ]]} 27. Ra7 {[%emt 0:01:29] ]]} Rd8 {[%emt 0:00:44] ]]} 28. Ra6 {[%emt 0:00:46] ]]} Rb8 {[%emt 0:00:07] ]]} 29. b4 {[%emt 0:03:23] ]]} Kf6 30. c4 Ke6 {[%emt 0:03:37] ]} 31. Ke2 {[%emt 0:06:22] ]} Rb7 {[%emt 0:00:30] [%clk 0:03.59] [} 32. c5 {[%emt 0:02:13] c} bxc5 33. Rxc6+ Kd7 34. Rxc5 Rxb4 35. Rxe5 f6 36. Rd5+ Ke6 37. Ke3 f5 38. f3 Rb3+ 39. Rd3 Rb1 40. g3 {[%emt 0:00:00] ] [%clk 0:31:0]} Rh1 41. h4 fxe4 42. Kxe4 Ra1 43. Rd4 Ra5 44. g4 h6 45. Rb4 Ra6 46. Kf4 Kf6 47. g5+ hxg5+ 48. hxg5+ Ke6 49. Kg4 Rc6 50. Rb7 Rc4+ 51. f4 Rc1 52. Rb6+ Kf7 53. Rf6+ Kg7 54. Rd6 Rf1 55. Rd7+ Kg8 56. Kg3 Kf8 57. Rd6 Kf7 58. Rf6+ Kg7 59. Kg2 Re1 60. Kf3 Re7 61. Rd6 Kf7 62. Rd5 Re1 63. Re5 Rf1+ 64. Ke4 Re1+ 65. Kd4 Rd1+ 66. Kc5 Rc1+ 67. Kd6 Rc4 68. Re7+ Kf8 69. Re6 Rxf4 70. Rxg6 Kf7 71. Ke5 Kxg6 72. Kxf4 Kg7 73. Kf5 Kf7 74. g6+ Kg7 75. Kg5 Kg8 76. Kf6 Kf8 77. g7+ Kg8 78. Kg6 1/2-1/2

[Event "Turkey IS Bank Super League 2017"]
[Site "Darica-Kocaeli"]
[Date "2017.07.26"]
[Round "1.8"]
[White "Aluc, Bulut Evrim"]
[Black "Kargaci, Humeyra"]
[Result "1-0"]
[ECO "D80"]
[WhiteElo "1699"]
[BlackElo "1737"]
[Annotator "NA"]
[PlyCount "71"]
[EventType "team-tourn"]
[EventCountry "TUR"]
[SourceTitle "playchess.com"]
[Source "ChessBase"]
[SourceQuality "1"]
[TimeControl "40/5400+30:1800+30"]

1. d4 {[%emt 0:00:30] 05]]} Nf6 {[%emt 0:01:00] 05]]} 2. c4 {[%emt 0:00:30] 05]]} g6 {[%emt 0:00:30] 055} 3. Nc3 {[%emt 0:00:30] ]05} d5 {[%emt 0:00:30] ]05} 4. h4 {[%emt 0:00:00] ]0} Bg7 {[%emt 0:00:30] ]]} 5. h5 {[%emt 0:00:00] ]]} Nxh5 {[%emt 0:01:30] ]]} 6. cxd5 {[%emt 0:00:30] ]]} c6 {[%emt 0:03:30] ]]} 7. e4 {[%emt 0:02:30] ]]} cxd5 {[%emt 0:02:30] ]]} 8. e5 {[%emt 0:00:30] ]]} Bf8 {[%emt 0:10:30] ]]} 9. g4 {[%emt 0:01:30] ]]} Ng7 {[%emt 0:00:30] ]]} 10. Bg2 {[%emt 0:00:30] ]]} e6 {[%emt 0:02:30] ]]} 11. Bh6 {[%emt 0:01:30] ]]} Nc6 {[%emt 0:03:30] ]]} 12. Nf3 {[%emt 0:03:30] ]]} Bd7 {[%emt 0:02:30] ]]} 13. Qd2 {[%emt 0:02:30] ]]} Qc7 {[%emt 0:03:30] ]} 14. Ng5 {[%emt 0:22:30] ]]} Na5 {[%emt 0:22:30] ]]} 15. Qf4 {[%emt 0:14:30] ]]} f5 {[%emt 0:02:30] ]]} 16. gxf5 {[%emt 0:20:30] ]]} Nh5 {[%emt 0:16:30] ]]} 17. Rxh5 gxh5 {[%emt 0:02:30] 0]]} 18. fxe6 {[%emt 0:00:42] [%clk 0:15.35]]} Bc6 {[%emt 0:04:30] [cc} 19. Qf6 {[%emt 0:04:23] [[c} Bxh6 {[%emt 0:00:30] [[c} 20. Qxh8+ {[%emt 0:00:30] [[} Bf8 {[%emt 0:00:30] [[} 21. Nxh7 {[%emt 0:02:48] [[} Qg7 {[%emt 0:02:04] [[} 22. Qxf8+ {[%emt 0:00:30] [[} Qxf8 {[%emt 0:00:30] [[} 23. Nxf8 {[%emt 0:00:30] [[} Kxf8 {[%emt 0:00:00] [[} 24. Bxd5 {[%emt 0:04:32] [[} Rd8 {[%emt 0:02:20] [[[} 25. Bxc6 {[%emt 0:00:18] [[[} Nxc6 {[%emt 0:02:38] [[} 26. d5 {[%emt 0:00:52] [[[} Nxe5 {[%emt 0:00:10] [[[} 27. Ke2 {[%emt 0:01:56] [} Ke7 {[%emt 0:00:52] ]} 28. Rh1 {[%emt 0:01:04] ]} Rh8 {[%emt 0:00:32] ]} 29. f4 {[%emt 0:00:41] ]} Ng4 {[%emt 0:00:32] ]} 30. Ne4 Rf8 {[%emt 0:07:19] %} 31. Rxh5 {[%emt 0:01:47] %} Rxf4 {[%emt 0:00:30] %} 32. Rh7+ {[%emt 0:00:30] %} Kd8 {[%emt 0:00:30] %} 33. e7+ {[%emt 0:00:30] % [%clk 0:02:29]} Kd7 34. Nd6 Kxd6 35. e8=Q Kxd5 36. Rd7+ 1-0

[Event "Turkey IS Bank Super League 2017"]
[Site "Darica-Kocaeli"]
[Date "2017.07.26"]
[Round "1.15"]
[White "Gokerkan, Cem Kaan"]
[Black "Ozen, Deniz"]
[Result "0-1"]
[ECO "C11"]
[WhiteElo "2321"]
[BlackElo "2351"]
[Annotator "NA"]
[PlyCount "76"]
[EventType "team-tourn"]
[EventCountry "TUR"]
[SourceTitle "playchess.com"]
[Source "ChessBase"]
[SourceQuality "1"]
[TimeControl "40/5400+30:1800+30"]

1. e4 {[%emt 0:00:30] 477]} e6 {[%emt 0:01:00] 477]} 2. d4 {[%emt 0:00:30] 477]} d5 {[%emt 0:00:30] 477} 3. Nc3 {[%emt 0:02:30] ]47} Nf6 {[%emt 0:00:30] ]47} 4. e5 {[%emt 0:00:30] ]47} Nfd7 {[%emt 0:00:30] ]4} 5. f4 {[%emt 0:00:30] ]4} c5 {[%emt 0:00:30] ]4} 6. Nf3 {[%emt 0:00:30] ]4} Nc6 {[%emt 0:00:30] ]4} 7. Be3 {[%emt 0:00:30] ]4} Be7 {[%emt 0:00:00] ]4} 8. Qd2 {[%emt 0:00:30] ]4} O-O {[%emt 0:00:00] ]4} 9. dxc5 {[%emt 0:00:30] ]4} Nxc5 {[%emt 0:00:00] ]4} 10. O-O-O {[%emt 0:00:00] ]} Qa5 {[%emt 0:11:00] ]]} 11. Kb1 {[%emt 0:03:00] ]]} a6 {[%emt 0:07:30] ]]} 12. Nd4 {[%emt 0:08:30] ]]} Qc7 {[%emt 0:03:30] ]]} 13. Qf2 {[%emt 0:08:30] ]]} Nd7 {[%emt 0:25:30] ]]} 14. Bd3 {[%emt 0:12:30] ]]]} b5 {[%emt 0:05:30] ]]]} 15. Nxc6 {[%emt 0:10:30] ]]]} Qxc6 {[%emt 0:00:30] ]]} 16. Bd4 {[%emt 0:02:30] ]]} Nc5 {[%emt 0:02:30] ]]} 17. g4 {[%emt 0:06:30] ]]} b4 {[%emt 0:04:30] ]]]} 18. Ne2 {[%emt 0:00:30] ]]]} a5 {[%emt 0:06:30] ]]]} 19. g5 a4 {[%emt 0:05:30] 7 [%clk 0:20:0] 37]} 20. Bxc5 {[%emt 0:05:52] cck} Qxc5 {[%emt 0:06:24] ccc} 21. Bxh7+ {[%emt 0:07:56] ccc} Kxh7 {[%emt 0:00:36] cc} 22. Qh4+ {[%emt 0:00:30] ccc} Kg8 {[%emt 0:00:30] ccc} 23. Rd3 {[%emt 0:00:00] ccc} b3 {[%emt 0:03:01] ccc} 24. Rh3 {[%emt 0:05:22] ccc} Qxc2+ {[%emt 0:00:41] ccc} 25. Ka1 {[%emt 0:00:01] ccc} f6 {[%emt 0:01:24] ccc} 26. gxf6 Rxf6 27. Rc1 Rh6 {[%emt 0:05:40] %%} 28. Qxe7 {[%emt 0:00:17] % [%clk 0:02:18] 1} Rxh3 {[%emt 0:01:19] [} 29. Rxc2 bxc2 30. Qd8+ Kh7 31. Qc7 Rxh2 32. Qxc2+ Kh8 33. Qd1 Ba6 34. Ng3 a3 35. bxa3 Bc4 36. Kb1 Rxa3 37. Qg1 Bxa2+ 38. Kc1 Rc3+ 0-1

[Event "Turkey IS Bank Super League 2017"]
[Site "Darica-Kocaeli"]
[Date "2017.07.26"]
[Round "1.16"]
[White "Ozbay, Ece"]
[Black "Gundogan, Sinem Cagla"]
[Result "1-0"]
[ECO "C68"]
[WhiteElo "1970"]
[BlackElo "2000"]
[Annotator "NA"]
[PlyCount "57"]
[EventType "team-tourn"]
[EventCountry "TUR"]
[SourceTitle "playchess.com"]
[Source "ChessBase"]
[SourceQuality "1"]
[TimeControl "40/5400+30:1800+30"]

1. e4 {[%emt 0:00:30] 71} e5 {[%emt 0:01:00] 71} 2. Nf3 {[%emt 0:07:30] 71} Nc6 {[%emt 0:00:30] 7} 3. Bb5 {[%emt 0:00:30] ]} a6 {[%emt 0:00:30] ]} 4. Bxc6 {[%emt 0:00:30] ]} dxc6 5. O-O {[%emt 0:00:00] ]} Bg4 {[%emt 0:00:30] ]} 6. h3 {[%emt 0:00:00] ]} h5 7. d3 {[%emt 0:00:00] ]} Qf6 {[%emt 0:00:30] ]} 8. Be3 {[%emt 0:00:00] ]} Bxf3 9. Qxf3 {[%emt 0:00:30] ]} Qxf3 {[%emt 0:00:30] ]} 10. gxf3 {[%emt 0:00:00] ]} O-O-O {[%emt 0:00:30] ]} 11. Nd2 {[%emt 0:03:00] ]} Bd6 {[%emt 0:08:30] ]} 12. Rfb1 {[%emt 0:10:30] ]} Ne7 {[%emt 0:17:30] ]} 13. b4 {[%emt 0:16:30] ]} f5 {[%emt 0:08:30] ]} 14. Nc4 {[%emt 0:02:30] ]} f4 {[%emt 0:00:30] ]} 15. Bc5 {[%emt 0:13:30] ]} g5 {[%emt 0:04:30] ]} 16. Kf1 {[%emt 0:08:30] ]} g4 {[%emt 0:15:30] ]} 17. hxg4 {[%emt 0:09:30] ]} hxg4 {[%emt 0:00:30] ]} 18. fxg4 b5 {[%emt 0:01:30] ]} 19. Nd2 {[%emt 0:01:30] ]} Rdg8 {[%emt 0:01:30] ]} 20. Ke2 {[%emt 0:03:30] ]} Rxg4 {[%emt 0:00:30] ]} 21. Rg1 Rhg8 {[%emt 0:10:30] ]} 22. Rxg4 {[%emt 0:02:43] %} Rxg4 {[%emt 0:00:30] 6} 23. Nf3 Ng6 {[%emt 0:00:30] 1} 24. Rh1 Kd7 25. Rh7+ Ke6 26. Bxd6 Kxd6 27. c4 Nf8 28. c5+ Ke6 29. Rxc7 1-0

[Event "Turkey IS Bank Super League 2017"]
[Site "Darica-Kocaeli"]
[Date "2017.07.26"]
[Round "1.20"]
[White "Soysal, Serkan"]
[Black "Kiremitciyan, Ari"]
[Result "1/2-1/2"]
[ECO "E57"]
[WhiteElo "2367"]
[BlackElo "2240"]
[Annotator "NA"]
[PlyCount "65"]
[EventType "team-tourn"]
[EventCountry "TUR"]
[SourceTitle "playchess.com"]
[Source "ChessBase"]
[SourceQuality "1"]
[TimeControl "40/5400+30:1800+30"]

1. Nf3 {[%emt 0:00:30] 49]%} c5 {[%emt 0:01:00] 49]%} 2. e3 {[%emt 0:00:30] 49]%} Nc6 {[%emt 0:04:30] 499} 3. d4 {[%emt 0:00:00] ]49} d5 {[%emt 0:02:30] ]49} 4. c4 {[%emt 0:02:00] ]49} cxd4 {[%emt 0:00:30] ]4} 5. cxd5 {[%emt 0:00:30] ]4} Qa5+ {[%emt 0:02:30] ]4} 6. Nbd2 {[%emt 0:15:30] ]} Qxd5 {[%emt 0:04:30] ]]} 7. Bc4 {[%emt 0:02:30] ]]} Qd8 {[%emt 0:04:30] ]]} 8. exd4 {[%emt 0:05:30] ]]} e6 {[%emt 0:04:30] ]]} 9. Ne4 {[%emt 0:05:30] ]]} Bb4+ {[%emt 0:04:30] ]]} 10. Nc3 {[%emt 0:01:30] ]]} Nf6 {[%emt 0:00:30] ]]} 11. O-O {[%emt 0:01:30] ]]} O-O {[%emt 0:00:30] ]} 12. Bg5 {[%emt 0:10:30] ]]} Be7 {[%emt 0:03:30] ]]} 13. a3 {[%emt 0:08:30] ]]} Nd5 {[%emt 0:12:30] ]]} 14. Bxd5 {[%emt 0:12:30] ]]} exd5 {[%emt 0:00:30] ]]} 15. Bxe7 {[%emt 0:00:30] ]} Nxe7 {[%emt 0:00:00] ]]} 16. Qb3 {[%emt 0:02:30] ]]} h6 {[%emt 0:07:00] ]]} 17. Rfe1 {[%emt 0:00:30] ]]} b6 {[%emt 0:01:30] ]]} 18. Rac1 {[%emt 0:04:30] ]]} a6 {[%emt 0:14:30] [%clk 0:22] ]59} 19. Ne2 {[%emt 0:14:57] kk} Bf5 20. Nf4 Qd6 {[%emt 0:02:25] ]} 21. Ne5 {[%emt 0:06:04] [%clk 0:02.29] 6]} Rac8 {[%emt 0:07:29] c%} 22. h3 Rxc1 23. Rxc1 Rc8 24. Rxc8+ Bxc8 25. Qa4 Kf8 26. Qc2 Bf5 27. Qa4 Bc8 28. Nfd3 f6 29. Nf3 a5 30. b4 Bf5 31. Nde1 axb4 32. axb4 Kf7 33. b5 1/2-1/2

[Event "Turkey IS Bank Super League 2017"]
[Site "Darica-Kocaeli"]
[Date "2017.07.26"]
[Round "1.21"]
[White "Unuk, Laura"]
[Black "Isgandarova, Khayala"]
[Result "1-0"]
[ECO "A50"]
[WhiteElo "2343"]
[BlackElo "2257"]
[Annotator "NA"]
[PlyCount "58"]
[EventType "team-tourn"]
[EventCountry "TUR"]
[SourceTitle "playchess.com"]
[Source "ChessBase"]
[SourceQuality "1"]
[TimeControl "40/5400+30:1800+30"]

1. d4 {[%emt 0:00:30] 2.} Nf6 {[%emt 0:01:00] 2.} 2. c4 {[%emt 0:00:30] 2.} b6 {[%emt 0:00:30] 2.} 3. Nf3 {[%emt 0:00:30] 2.} Bb7 {[%emt 0:00:30] 2.} 4. g3 {[%emt 0:01:30] 2.} g6 {[%emt 0:00:30] 2} 5. Bg2 {[%emt 0:00:30] 22} Bg7 {[%emt 0:00:00] 22} 6. O-O {[%emt 0:06:30] 22} O-O {[%emt 0:00:00] 22} 7. Nc3 {[%emt 0:01:30] 22} Ne4 {[%emt 0:01:30] 22} 8. Bd2 {[%emt 0:01:30] 22} c5 {[%emt 0:08:30] 22} 9. e3 {[%emt 0:20:30] 22} d6 {[%emt 0:14:30] 22} 10. Rc1 {[%emt 0:00:30] 2} Na6 {[%emt 0:05:30] 22} 11. d5 {[%emt 0:08:30] 22} Nxd2 {[%emt 0:02:30] 22} 12. Nxd2 {[%emt 0:01:30] 22} Nc7 {[%emt 0:02:30] 22} 13. f4 {[%emt 0:01:30] 22} b5 {[%emt 0:07:30] 22} 14. cxb5 {[%emt 0:13:30] 22} Bxc3 {[%emt 0:17:30] 22} 15. bxc3 {[%emt 0:00:30] 22} Bxd5 {[%emt 0:00:30] 2} 16. e4 {[%emt 0:01:30] 22} Bb7 {[%emt 0:00:30] 22} 17. a4 {[%emt 0:00:30] 22} d5 {[%emt 0:04:30] 22} 18. Nb3 {[%emt 0:06:30] 22} Qd6 {[%emt 0:09:30] 22} 19. Na5 {[%emt 0:02:30] 2} Rab8 {[%emt 0:00:30] 22} 20. Nxb7 {[%emt 0:02:30] 22} Rxb7 {[%emt 0:00:30] 2} 21. exd5 {[%emt 0:00:30] ]} a5 22. c4 {[%emt 0:07:30] 0} Na8 {[%emt 0:03:37] %%} 23. f5 {[%emt 0:00:30] 5]} Nb6 24. Rf4 {[%emt 0:00:30] 5} Rd7 25. Qd2 Ra7 26. Rcf1 Qe5 27. fxg6 hxg6 28. Qf2 f6 {[%emt 0:04:35] c} 29. Qxc5 Rb7 1-0

[Event "Turkey IS Bank Super League 2017"]
[Site "Darica-Kocaeli"]
[Date "2017.07.26"]
[Round "1.22"]
[White "Yaran, Siar"]
[Black "Tirak, Mert"]
[Result "1-0"]
[ECO "A39"]
[WhiteElo "2253"]
[BlackElo "1909"]
[Annotator "NA"]
[PlyCount "59"]
[EventType "team-tourn"]
[EventCountry "TUR"]
[SourceTitle "playchess.com"]
[Source "ChessBase"]
[SourceQuality "1"]
[TimeControl "40/5400+30:1800+30"]

1. c4 {[%emt 0:00:30] 20]} c5 {[%emt 0:01:00] 20]} 2. Nc3 {[%emt 0:00:30] 20]} Nc6 {[%emt 0:00:30] 200} 3. g3 {[%emt 0:00:30] ]20} g6 {[%emt 0:00:30] ]20} 4. Bg2 {[%emt 0:00:30] ]2} Bg7 {[%emt 0:00:00] ]]} 5. Nf3 {[%emt 0:02:30] ]]} Nf6 {[%emt 0:01:00] ]]} 6. d4 {[%emt 0:00:30] ]]} cxd4 {[%emt 0:02:30] ]]} 7. Nxd4 {[%emt 0:00:30] ]]} O-O {[%emt 0:01:30] ]]} 8. O-O {[%emt 0:00:30] ]]} Qb6 {[%emt 0:06:30] ]]} 9. Nc2 {[%emt 0:02:30] ]]} d6 {[%emt 0:03:30] ]]} 10. b3 {[%emt 0:04:30] ]]} Qa5 {[%emt 0:19:30] ]]} 11. Qd2 {[%emt 0:18:30] ]]} Ng4 {[%emt 0:12:30] ]} 12. Bb2 {[%emt 0:04:30] ]]} Qh5 {[%emt 0:05:30] ]]} 13. h3 {[%emt 0:03:30] ]]} Nge5 {[%emt 0:04:30] ]]} 14. f4 {[%emt 0:04:30] ]]} Nd7 15. g4 {[%emt 0:12:30] ]]} Qc5+ {[%emt 0:03:00] ]} 16. Kh2 {[%emt 0:00:30] 8]]} Nf6 17. Rad1 {[%emt 0:16:30] ]]} h5 {[%emt 0:05:02] c%c} 18. g5 {[%emt 0:01:30] 4]c} Ne8 {[%emt 0:03:12] ]} 19. Ne3 {[%emt 0:03:30] ]]]} a6 {[%emt 0:01:56] ]} 20. Ned5 {[%emt 0:01:30] 3]} e6 21. Ne4 Qa5 22. Ndf6+ {[%emt 0:08:34] ]} Nxf6 {[%emt 0:00:32] [%clk 0:01.03]]} 23. Nxf6+ {[%emt 0:00:00] c%} Bxf6 24. Bxf6 Qxd2 25. Rxd2 d5 26. cxd5 exd5 {[%emt 0:00:30] ]} 27. Bxd5 {[%emt 0:00:30] ]} Nd8 {[%emt 0:00:30] ]} 28. Bxd8 {[%emt 0:00:30] ]} Rxd8 {[%emt 0:00:30] ]} 29. Bxf7+ {[%emt 0:00:30] ]} Kxf7 {[%emt 0:00:30] ]} 30. Rxd8 {[%emt 0:00:30] ] [%clk 0:10:09]} 1-0